 Dungeon Crawl Stone Soup version 0.30-a0-800-g7c544603b3 (webtiles) character file.

Game seed: 870577564914073135

276110 Ceno the Bludgeoner (level 21, -1/168 HPs)
             Began as a Formicid Earth Elementalist on Feb 20, 2023.
             Was a High Priest of Zin.
             Slain by a slime creature (10 damage)
             ... on level 1 of the Vaults on Feb 22, 2023.
             The game lasted 03:37:25 (60599 turns).

Ceno the Bludgeoner (Formicid Earth Elementalist)  Turns: 60599, Time: 03:37:26

Health: -1/168     AC: 32    Str: 24    XL:     21   Next: 22%
Magic:  27/32      EV: 11    Int: 22    God:    Zin [*****.]
Gold:   1930       SH: 19    Dex: 19    Spells: 18/28 levels left

rFire   + . .      SeeInvis +    a - +2 great mace of Impermanence {flame, *Noise rElec Will++ Stlth+}
rCold   . . .      Faith    .    I - +0 kite shield {AC+3}
rNeg    + . .      Spirit   .    E - +3 plate armour {rN+}
rPois   ∞          Reflect  +    (helmet unavailable)
rElec   +          Harm     .    g - +1 cloak {Will+}
rCorr   .          Rampage  +    L - +2 pair of gloves
Will    +++++                    m - +2 pair of boots {rampage} Stlth
                                 F - amulet "Qateel" {Reflect Drain rElec rPois Str-3 SH+5}
HPRegen 0.48/turn                t - ring of willpower
MPRegen 0.23/turn                c - ring of protection from fire

@: vitalised
A: permanent stasis, dig shafts and tunnels, antennae 3, four strong arms
}: 2/15 runes: decaying, serpentine
a: Dig, Shaft Self, Renounce Religion, Recite, Vitalisation, Imprison,
Sanctuary, Donate Gold


You were on level 1 of the Vaults.
You worshipped Zin.
Zin was extremely pleased with you.
You visited 8 branches of the dungeon, and saw 35 of its levels.

You collected 3464 gold pieces.
You spent 1314 gold pieces at shops.
You donated 220 gold pieces to Zin.

Inventory:

Hand Weapons
 a - the +2 great mace of Impermanence (weapon) {flame, *Noise rElec Will++ Stlth+}
   (You took it off a deep elf death mage on level 3 of the Elven Halls)

   rElec:     It insulates you from electricity.
   *Noise:    It may make noises in combat.
   Will:      It greatly increases your willpower.
   Stlth:     It makes you more stealthy.
 b - the +4 arbalest "Wagi" {flame, rF+ Dex+2 SInv}
   (You found it on level 1 of the Swamp)

   Dex:       It affects your dexterity (+2).
   rF:        It protects you from fire.
   SInv:      It lets you see invisible.
 Y - a +3 great mace of venom
Missiles
 f - 116 stones (quivered)
 x - 3 throwing nets
 J - 37 poisoned darts
Armour
 g - a +1 cloak of willpower (worn)
 h - +0 acid dragon scales
 m - a +2 pair of boots of rampaging (worn)
 r - a +0 tower shield
 E - a +3 plate armour of positive energy (worn)
 I - a +0 kite shield of protection (worn)
 L - a +2 pair of gloves (worn)
Jewellery
 c - a ring of protection from fire (right hand)
 k - a ring of flight
 t - a ring of willpower (left hand)
 F - the amulet "Qateel" (around neck) {Reflect Drain rElec rPois Str-3 SH+5}
   (You found it on level 1 of the Swamp)

   [amulet of reflection]

   It reflects blocked missile attacks.
   Str:       It affects your strength (-3).
   rElec:     It insulates you from electricity.
   rPois:     It protects you from poison.
   Drain:     It drains your maximum health when unequipped.
   SH:        It affects your SH (+5).
 X - a +6 ring of strength
 Z - the ring "Xiharuz" {rN+ Will++ rCorr Int+3 Dex-2}
   (You took it off a deep elf demonologist on level 3 of the Elven Halls)

   [ring of resist corrosion]

   Int:       It affects your intelligence (+3).
   Dex:       It affects your dexterity (-2).
   rN:        It protects you from negative energy.
   rCorr:     It protects you from acid and corrosion.
   Will:      It greatly increases your willpower.
Wands
 o - a wand of roots (31)
 w - a wand of flame (44)
 B - a wand of mindburst (20)
 G - a wand of digging (7)
 N - a wand of light (4)
 P - a wand of charming (6)
Scrolls
 e - 6 scrolls of vulnerability
 q - 3 scrolls of amnesia
 s - 3 scrolls of fear
 z - a scroll of enchant weapon
 D - 5 scrolls of magic mapping
 K - 3 scrolls of fog
 R - 2 scrolls of poison
 W - 3 scrolls of summoning
Potions
 d - 4 potions of cancellation
 i - 3 potions of magic
 j - 3 potions of ambrosia
 l - 6 potions of attraction
 n - 19 potions of curing
 p - 3 potions of might
 u - 2 potions of brilliance
 v - 6 potions of resistance
 C - 8 potions of mutation
 M - 5 potions of flight
 T - 3 potions of invisibility
Miscellaneous
 y - a lightning rod (4/4)
 A - a phantom mirror
 Q - a tin of tremorstones (2/2)


   Skills:
 - Level 15.0 Fighting
 + Level 17.4 Maces & Flails
 * Level 13.2 Ranged Weapons
 - Level 15.0 Armour
 - Level 8.0 Dodging
 - Level 3.0 Stealth
 - Level 15.0 Shields
 - Level 4.0 Spellcasting
 - Level 4.0 Conjurations
 - Level 5.0 Transmutations
 - Level 10.0 Earth Magic
 - Level 15.0 Invocations
 - Level 5.0 Evocations


You had 18 spell levels left.
You knew the following spells:

 Your Spells              Type           Power      Damage    Failure   Level
a - Sandblast             Erth           96%        2d20      2%          1
b - Passwall              Tmut/Erth      30%        N/A       10%         2
c - Stone Arrow           Conj/Erth      70%        3d11      22%         3
d - Petrify               Tmut/Erth      37%        N/A       52%         4

Your spell library contained the following spells:

 Spells                   Type           Power      Damage    Failure   Level
 Magic Dart               Conj           88%        1d7       26%         1
 Searing Ray              Conj           44%        2d6       36%         2
 Sting                    Tmut/Pois      60%        1d6       43%         1
 Kiss of Death            Conj/Necr      52%        2d9       52%         1
 Shock                    Conj/Air       52%        1d6       52%         1
 Apportation              Tloc           8%         N/A       80%         1
 Freeze                   Ice            16%        1d4       80%         1
 Necrotise                Necr           16%        1d4       80%         1
 Summon Small Mammal      Summ           16%        N/A       80%         1
 Animate Armour           Summ/Erth      52%        N/A       86%         4
 Leda's Liquefaction      Hex/Erth       13%        N/A       86%         4
 Dazzling Flash           Conj/Hex       26%        N/A       87%         3
 Hailstorm                Conj/Ice       13%        3d5       87%         3
 Call Imp                 Summ           4%         N/A       90%         2
 Cigotuvi's Dreadful Rot  Necr/Pois/Air  8%         N/A       90%         2
 Poisonous Vapours        Pois/Air       8%         N/A       90%         2
 Ignite Poison            Fire/Tmut/Pois 11%        N/A       91%         3
 Mephitic Cloud           Conj/Pois/Air  10%        N/A       94%         3
 Call Canine Familiar     Summ           4%         N/A       99%         3
 Confusing Touch          Hex            4%         N/A       99%         3
 Frozen Ramparts          Ice            8%         1d2       99%         3
 Gell's Gravitas          Tloc           4%         N/A       99%         3
 Inner Flame              Hex/Fire       4%         N/A       99%         3
 Kindle Blastsparks       Fire/Tloc/Air  8%         2d10      99%         3
 Ozocubu's Armour         Ice            4%         N/A       99%         3
 Portal Projectile        Hex/Tloc       8%         N/A       99%         3
 Teleport Other           Tloc           4%         N/A       99%         3
 Vampiric Draining        Necr           4%         2d6       99%         3
 Vhi's Electric Charge    Tloc/Air       8%         N/A       99%         3
 Fulminant Prism          Conj/Hex       6%         3d7       99%         4
 Ice Form                 Ice/Tmut       15%        N/A       99%         4
 Blade Hands              Tmut           13%        N/A       99%         5
 Airstrike                Air            2%         2d(1-17)  100%        4
 Dispel Undead            Necr           4%         3d7       100%        4
 Passage of Golubria      Tloc           4%         N/A       100%        4
 Agony                    Necr           4%         N/A       100%        5
 Arcjolt                  Conj/Air       6%         1d16      100%        5
 Fireball                 Conj/Fire      6%         3d5       100%        5
 Freezing Cloud           Conj/Ice/Air   5%         6-21      100%        5
 Iskenderun's Battlesphe  Conj           22%        2d8       100%        5
 Metabolic Englaciation   Hex/Ice        2%         N/A       100%        5
 Silence                  Hex/Air        2%         N/A       100%        5
 Conjure Ball Lightning   Conj/Air       6%         3x3d6     100%        6
 Death Channel            Necr           2%         N/A       100%        6
 Dispersal                Tloc           2%         N/A       100%        6
 Iron Shot                Conj/Erth      17%        9d4       100%        6
 Simulacrum               Ice/Necr       2%         N/A       100%        6
 Statue Form              Tmut/Erth      24%        N/A       100%        6
 Orb of Destruction       Conj           11%        9d6       100%        7
 Ozocubu's Refrigeration  Ice            2%         4d7       100%        7
 Lehudib's Crystal Spear  Conj/Erth      17%        10d5      100%        8
 Maxwell's Capacitive Co  Air            2%         ∞         100%        8
 Death's Door             Necr           2%         N/A       100%        9
 Swiftness                Air            Unusable   N/A       N/A         3

Dungeon Overview and Level Annotations

Branches:
Dungeon (15/15)            Temple (1/1) D:5            Lair (5/5) D:8
  Swamp (4/4) Lair:2        Snake (4/4) Lair:3        Slime (0/5) Lair:5
    Orc (2/2) D:12            Elf (3/3) Orc:2        Vaults (1/5) D:13
 Depths (0/4) D:15

Altars:
Ashenzari
Cheibriados
Dithmenos
Elyvilon
Fedhas
Gozag
Hepliaklqana
Kikubaaqudgha
Makhleb
Nemelex Xobeh
Okawaru
Qazlal
Ru
Sif Muna
Trog
Uskayaw
Vehumet
Wu Jian
Xom
Yredelemnul
Zin
The Shining One
Jiyva

Shops:
D:6 (   D:8 =   D:12 *   D:14 (:([   Orc:1 =   Orc:2 !!**[   Elf:2 =   Elf:3 ?[
Snake:1 *!*=   Snake:3 ([?[*

Annotations:
D:4 Edmund
D:11 2 transporters, souper's ghost, journeyman DsHu
Snake:2 3 runed translucent doors, Meok's ghost, adept MiFi


Innate Abilities, Weirdness & Mutations

You cannot be hasted, slowed, berserked, paralysed or teleported.
You can dig through walls and to a lower floor.
You have a pair of large antennae on your head. (SInv)
Your four strong arms can wield two-handed weapons with a shield.


Message History

You sock the slime creature! You burn the slime creature.
The slime creature is moderately wounded.
You block the slime creature's attack.
You barely miss the slime creature.
The slime creature is moderately wounded.
You block the slime creature's attack.
You hit the slime creature. You burn the slime creature.
The slime creature is heavily wounded.
You block the slime creature's attack.
You sock the slime creature! You burn the slime creature.
The slime creature is heavily wounded.
You block the slime creature's attack.
A yaktaur comes into view.
You sock the slime creature! You burn the slime creature.
The slime creature is severely wounded.
The slime creature hits you but does no damage.
The very large slime creature attacks as you move away!
The very large slime creature hits you!!
* * * LOW HITPOINT WARNING * * *
The yaktaur wields a +0 arbalest.
The yaktaur shoots a bolt.
You reflect the bolt off an invisible shield around you!
The bolt hits the yaktaur!
There is an open door here.
Zin grants you divine stamina.
A very large slime creature splits.
The slime creature hits you but does no damage.
Activating: Sanctuary (1% risk of failure)
Press: ? - help, Dir - look around, f - activate You hear a choir sing!
By Zin's power, all blood is cleared from the sanctuary.
The monsters scatter in all directions!
Zin will no longer cleanse your potions of mutation.
You start resting.
The sanctuary starts shrinking.
There are monsters nearby!
There is an open door here.
The yaktaur shoots a bolt.
The bolt hits you!!
* * * LOW HITPOINT WARNING * * *
The slime creature hits you!
You die...

.[..#...# #..............#
#... ....#...#
#..............# ####
....†...####+#############
....#...'............#
#####..{#†...........########
#...#............'......#
#...#...c........#......#####
#...#...J.JJJ....#......#....
#...#.......@....#......#....
#...#####'########......#....
#...# #.........##......'....
#.........##......#....
#.........#########....
#.........# ##### #.........#
#.......[.# #.........#


You could see 4 slime creatures and a yaktaur.

Vanquished Creatures
  Jorgrun (D:12)
  3 deep elf blademasters (Elf:2)
  A deep elf master archer (Elf:3)
  A thorn hunter (Swamp:4)
  10 nagarajas
  4 deep elf sorcerers (Elf:3)
  An ironbound preserver (D:13)
  A vault warden (Vaults:1)
  5 deep elf elementalists (Elf:3)
  A stone giant (Orc:2)
  5 deep elf demonologists
  9 deep elf annihilators
  2 eleionomae
  3 bunyips
  5 dire elephants
  4 deep elf death magi
  A great orb of eyes (D:15)
  A yaktaur captain (D:12)
  2 shambling mangroves (Swamp:4)
  3 deep elf high priests
  Erolcha (D:11)
  A catoblepas (D:15)
  3 ghost crabs (Swamp:1)
  4 vault guards (D:13)
  13 hydras
  8 anacondas
  3 centaur warriors
  3 ogre magi
  Erica (Lair:2)
  5 boulder beetles
  24 dancing weapons
  11 two-headed ogres
  6 alligators
  10 naga warriors
  A death yak (Lair:5)
  4 naga sharpshooters (Snake:4)
  3 tengu warriors
  Nergalle (Lair:3)
  9 shock serpents
  15 deep elf knights
  2 skysharks
  5 skeletal warriors (D:13)
  A shadow wraith (D:13)
  A salamander mystic (Snake:4)
  7 sea snakes (Snake:4)
  6 large abominations (Elf:1)
  3 goliath frogs
  7 deep trolls
  5 spriggan druids
  7 bog bodies
  7 deep elf archers
  8 naga ritualists
  7 swamp dragons (Swamp:4)
  An ironbound convoker (D:13)
  An orc knight (Orc:2)
  3 wizards
  A swamp dragon (shapeshifter) (D:13)
  9 lindwurms (Vaults:1)
  A harpy (shapeshifter) (D:15)
  A necromancer (Elf:1)
  15 deep elf zephyrmancers
  17 deep elf pyromancers
  13 ugly things
  4 salamanders
  6 mana vipers
  2 wolf spiders (Lair:5)
  6 cyclopes
  3 manticores
  24 black mambas
  16 elephants
  Maurice (D:8)
  4 guardian serpents
  3 apocalypse crabs (Swamp:1)
  3 gargoyles
  19 naga magi
  18 cane toads
  2 vault sentinels (Vaults:1)
  3 unseen horrors
  4 komodo dragons
  3 yaktaurs
  3 tengu conjurers
  2 rime drakes (Lair:3)
  A freezing wraith (D:14)
  15 trolls
  3 polar bears
  Prince Ribbit (D:6)
  5 tyrant leeches (Swamp:1)
  2 hornets (Lair:5)
  3 blink frogs (Lair:3)
  Sigmund (D:2)
  2 spriggans (Swamp:2)
  29 slime creatures
  A water elemental (Elf:2)
  3 air elementals
  11 wyverns
  A vampire (D:11)
  2 wraiths
  A hog (shapeshifter) (D:14)
  47 yaks
  A neqoxec (Swamp:1)
  4 redbacks
  4 basilisks
  21 vampire mosquitoes
  2 wargs
  2 acid dragons
  19 water moccasins
  48 nagas
  10 swamp worms
  A meliai simulacrum (D:12)
  9 swamp drakes (Swamp:4)
  5 black bears
  3 ice beasts (D:8)
  11 orc warriors
  2 sky beasts (D:8)
  3 boggarts (D:14)
  22 ogres
  2 wolves (D:8)
  2 centaurs
  A phantom (D:3)
  A kobold brigand (D:8)
  3 elf zombies (Elf:1)
  13 bullfrogs
  A gnoll sergeant (D:8)
  5 scorpions
  4 wights
  A hornet simulacrum (D:14)
  6 killer bees (D:9)
  A lava snake (D:10)
  6 jellies
  17 orc priests
  2 hounds (D:4)
  A gnoll bouda (D:7)
  2 iguanas
  17 orc wizards
  4 hell rats (Lair:4)
  Robin (D:3)
  19 gnolls
  6 adders
  A white imp (D:6)
  2 ufetubi
  3 worms
  3 dart slugs
  51 orcs
  6 ball pythons
  5 bats
  8 endoplasms
  A giant cockroach (D:1)
  15 goblins
  16 hobgoblins
  8 jackals
  7 kobolds
  4 quokkas
  3 frilled lizards
  4 rats
990 creatures vanquished.

Vanquished Creatures (others)
  A bunyip (Swamp:2)
  A hydra (Lair:5)
  2 ghost crabs (Swamp:1)
  4 deep elf knights
  A spriggan druid (Swamp:1)
  A swamp dragon (Swamp:4)
  A naga mage (Snake:1)
  3 bloated husks (Swamp:1)
  A spriggan (Swamp:2)
  An acid dragon (D:9)
  2 nagas
  A jelly (D:8)
  A bush (Lair:5)
  37 fungi
  103 plants
160 creatures vanquished.

Grand Total: 1150 creatures vanquished

Notes
Turn   | Place    | Note
-------+----------+-------------------------------------------
     0 | D:1      | Ceno the Formicid Earth Elementalist began the quest for
                  | the Orb.
     0 | D:1      | Reached XP level 1. HP: 13/13 MP: 3/3
   193 | D:1      | Reached XP level 2. HP: 19/19 MP: 0/5
   224 | D:1      | Learned a level 2 spell: Passwall
   393 | D:1      | Reached skill level 1 in Fighting
   393 | D:1      | Reached XP level 3. HP: 24/26 MP: 1/7
   812 | D:2      | Noticed Sigmund
   820 | D:2      | Killed Sigmund
   821 | D:2      | Reached XP level 4. HP: 27/35 MP: 1/10
   821 | D:2      | Reached XP level 5. HP: 32/41 MP: 1/11
   821 | D:2      | Reached XP level 6. HP: 36/47 MP: 1/12
   825 | D:2      | Found a shimmering altar of Xom.
   910 | D:1      | Learned a level 3 spell: Stone Arrow
  1273 | D:2      | Reached skill level 1 in Maces & Flails
  1273 | D:2      | Reached skill level 5 in Earth Magic
  1945 | D:3      | Reached skill level 2 in Maces & Flails
  1945 | D:3      | Reached XP level 7. HP: 28/53 MP: 6/13
  1961 | D:3      | Noticed Robin
  2122 | D:3      | Killed Robin
  2435 | D:4      | Reached skill level 3 in Maces & Flails
  3048 | D:4      | Reached skill level 4 in Maces & Flails
  3048 | D:4      | Reached XP level 8. HP: 49/61 MP: 8/14
  3399 | D:4      | Noticed Edmund
  3778 | D:5      | Entered Level 5 of the Dungeon
  3807 | D:5      | Found a stormy altar of Qazlal.
  3875 | D:5      | Reached skill level 5 in Fighting
  3875 | D:5      | Reached skill level 5 in Maces & Flails
  3934 | D:5      | Found a staircase to the Ecumenical Temple.
  3943 | Temple   | Entered the Ecumenical Temple
  3994 | Temple   | Became a worshipper of Elyvilon the Healer
  4241 | D:5      | Found a burning altar of Makhleb.
  4773 | D:6      | Found Jiadid's Antique Weapon Shop.
  4791 | D:6      | Reached * piety under Elyvilon
  4907 | D:6      | Found a blossoming altar of Fedhas.
  4908 | D:6      | Noticed Prince Ribbit
  4923 | D:6      | Killed Prince Ribbit
  4924 | D:6      | Reached skill level 6 in Maces & Flails
  4924 | D:6      | Reached XP level 9. HP: 50/69 MP: 3/15
  5085 | D:6      | Found a broken altar of Ashenzari.
  5667 | D:7      | Reached skill level 7 in Maces & Flails
  6262 | D:7      | Reached ** piety under Elyvilon
  6619 | D:8      | Learned a level 4 spell: Petrify
  6624 | D:8      | Found a hazy altar of Hepliaklqana.
  6639 | D:8      | Noticed Maurice
  6689 | D:8      | Found Raqink's One-of-a-Kind Rings.
  6716 | D:8      | Reached skill level 1 in Invocations
  6985 | D:8      | Killed Maurice
  6986 | D:8      | Reached XP level 10. HP: 20/79 MP: 3/16
  7255 | D:8      | Noticed a rime drake
  7288 | D:8      | Reached skill level 8 in Maces & Flails
  7447 | D:8      | Pacified a rime drake
  7570 | D:8      | Found a staircase to the Lair.
  8064 | D:8      | Found a glowing silver altar of Zin.
  8132 | D:8      | Reached skill level 5 in Invocations
  8502 | D:9      | Found an opulent altar of Gozag.
  8512 | D:9      | Noticed a two-headed ogre
  8746 | D:9      | Reached skill level 1 in Conjurations
  9163 | D:9      | Killed a two-headed ogre
  9164 | D:9      | Reached skill level 9 in Maces & Flails
  9164 | D:9      | Reached XP level 11. HP: 84/86 MP: 15/17
  9181 | D:9      | Reached *** piety under Elyvilon
  9759 | D:9      | Reached skill level 1 in Shields
 10420 | D:10     | Entered Level 10 of the Dungeon
 10422 | D:10     | Found a radiant altar of Vehumet.
 10428 | D:10     | Found an ancient bone altar of Kikubaaqudgha.
 10431 | D:10     | Found a shimmering blue altar of Sif Muna.
 10438 | D:10     | Got Sif Muna's Elucidation of Sculpting
 10921 | D:10     | Noticed a two-headed ogre
 10933 | D:10     | You fall into a shaft and drop 1 floor!
 11605 | D:10     | Found a shadowy altar of Dithmenos.
 11747 | D:10     | Killed a two-headed ogre
 11748 | D:10     | Reached skill level 10 in Maces & Flails
 11748 | D:10     | Reached skill level 5 in Shields
 12210 | D:11     | Reached skill level 5 in Transmutations
 12447 | D:11     | Noticed a green ugly thing
 12451 | D:11     | Reached XP level 12. HP: 92/92 MP: 14/18
 12672 | D:11     | Found a transporter.
 12683 | D:11     | Noticed a catoblepas
 12764 | D:11     | Noticed souper's ghost (journeyman DsHu)
 12771 | D:11     | Found a transporter.
 13259 | Lair:1   | Entered Level 1 of the Lair of Beasts
 13591 | Lair:1   | Reached skill level 5 in Dodging
 13680 | Lair:1   | Upgraded the game from 0.30-a0-793-g160f7cfddd to
                  | 0.30-a0-799-g109b55a442
 14100 | Lair:1   | Reached skill level 1 in Evocations
 14405 | Lair:1   | HP: 2/92 [black mamba (6)]
 14405 | Lair:1   | Elyvilon protects you from harm!
 14859 | Lair:1   | Reached skill level 11 in Maces & Flails
 15536 | Lair:1   | Reached XP level 13. HP: 83/98 MP: 15/19
 15746 | Lair:1   | Reached skill level 10 in Earth Magic
 16447 | Lair:2   | Noticed a seven-headed hydra
 16452 | Lair:2   | Pacified a seven-headed hydra
 16552 | Lair:2   | Noticed a seven-headed hydra
 16555 | Lair:2   | Pacified a seven-headed hydra
 16623 | Lair:2   | Noticed a six-headed hydra
 16623 | Lair:2   | Noticed a five-headed hydra
 16625 | Lair:2   | Pacified a five-headed hydra
 16626 | Lair:2   | Reached skill level 5 in Evocations
 16626 | Lair:2   | Pacified a six-headed hydra
 16882 | Lair:2   | Found a staircase to the Swamp.
 17283 | Lair:2   | Noticed Erica
 17392 | Lair:2   | Killed Erica
 17393 | Lair:2   | Reached skill level 10 in Shields
 17784 | Lair:2   | Noticed a five-headed hydra
 17785 | Lair:2   | Pacified a five-headed hydra
 17786 | Lair:2   | Reached skill level 12 in Maces & Flails
 17817 | Lair:3   | Found a staircase to the Snake Pit.
 17993 | Lair:3   | Noticed a catoblepas
 18098 | Lair:3   | Reached skill level 1 in Armour
 19125 | Lair:3   | Reached XP level 14. HP: 59/105 MP: 15/20
 19367 | Lair:3   | Reached **** piety under Elyvilon
 19585 | Lair:3   | Noticed Nergalle
 20531 | Lair:4   | Reached ***** piety under Elyvilon
 20754 | Lair:5   | Entered Level 5 of the Lair of Beasts
 21084 | Lair:5   | Found a viscous altar of Jiyva.
 21895 | Lair:5   | Reached skill level 5 in Armour
 22217 | Lair:5   | Reached skill level 13 in Maces & Flails
 23332 | Lair:5   | Found a staircase to the Slime Pits.
 24368 | D:12     | Noticed Jorgrun
 24409 | D:12     | Found a staircase to the Orcish Mines.
 24409 | D:12     | Found Coduo's Assorted Antiques.
 24460 | D:12     | Bought a scroll of identify for 46 gold pieces
 24461 | D:12     | Reached skill level 10 in Fighting
 24461 | D:12     | Reached XP level 15. HP: 115/115 MP: 21/21
 24657 | D:12     | Noticed Erolcha
 24708 | D:11     | Killed Erolcha
 25137 | D:12     | Killed Jorgrun
 25138 | D:12     | Reached XP level 16. HP: 65/123 MP: 22/22
 26258 | D:12     | Reached skill level 14 in Maces & Flails
 26635 | D:12     | You fall into a shaft and drop 2 floors!
 27252 | Orc:1    | Entered Level 1 of the Orcish Mines
 27552 | Orc:2    | Entered Level 2 of the Orcish Mines
 27713 | Orc:2    | Found a staircase to the Elven Halls.
 27980 | Orc:2    | Found Iheteoko's Distillery.
 27988 | Orc:2    | Bought a potion of invisibility for 96 gold pieces
 27988 | Orc:2    | Bought a potion of heal wounds for 60 gold pieces
 28436 | Orc:1    | Found Enaxam's Jewellery Shop.
 29601 | Orc:2    | Found Hiownite's Distillery.
 29602 | Orc:2    | Found Istrause's General Store.
 29603 | Orc:2    | Found Ydiaf's Antique Armour Shop.
 29605 | Orc:2    | Bought a potion of might for 72 gold pieces
 29610 | Orc:2    | Bought a scroll of enchant armour for 112 gold pieces
 29627 | Orc:2    | Found Beomeo's General Store.
 29635 | Orc:2    | Bought a scroll of fear for 64 gold pieces
 29635 | Orc:2    | Bought a scroll of identify for 32 gold pieces
 29635 | Orc:2    | Bought a potion of heal wounds for 80 gold pieces
 30887 | D:12     | Reached skill level 15 in Shields
 31178 | D:13     | Reached skill level 10 in Invocations
 31737 | D:13     | Reached XP level 17. HP: 131/133 MP: 14/24
 31879 | D:13     | Found a gate to the Vaults.
 32643 | D:14     | Reached skill level 15 in Maces & Flails
 33235 | D:14     | Found Fyux Ses's Weapon Shop.
 33678 | D:14     | Found Wejyr's Antique Armour Shoppe.
 33788 | D:14     | Found Uraarah's Book Shoppe.
 33975 | D:14     | Found Vireoq's Weapon Boutique.
 34074 | D:14     | Found a glowing golden altar of the Shining One.
 34310 | D:15     | Entered Level 15 of the Dungeon
 34353 | D:15     | Reached ****** piety under Elyvilon
 35441 | D:15     | Found a staircase to the Depths.
 36429 | Orc:2    | Bought a potion of flight for 54 gold pieces
 36429 | Orc:2    | Bought a potion of flight for 54 gold pieces
 36638 | Swamp:1  | Entered Level 1 of the Swamp
 37257 | Swamp:1  | Reached skill level 1 in Ranged Weapons
 38316 | Swamp:1  | You fall into a shaft and drop 1 floor!
 38470 | Swamp:3  | Reached skill level 10 in Armour
 38722 | Swamp:4  | Entered Level 4 of the Swamp
 39632 | Swamp:4  | Reached XP level 18. HP: 144/144 MP: 24/26
 40411 | Swamp:4  | Reached skill level 16 in Maces & Flails
 40934 | Swamp:4  | Got a decaying rune of Zot
 41594 | Swamp:1  | Identified the +4 arbalest "Wagi" {flame, rF+ Dex+2 SInv}
 41601 | Swamp:1  | Reached skill level 5 in Ranged Weapons
 41609 | Swamp:1  | Got Exouso's Encyclopedia of Glowing Rot
 41672 | Swamp:1  | Found a runed translucent door.
 41752 | Swamp:1  | Identified the amulet "Qateel" {Reflect Drain rElec rPois
                  | Str-3 SH+5}
 41949 | D:8      | Fell from the grace of Elyvilon
 41949 | D:8      | Became a worshipper of Zin the Law-Giver
 41949 | D:8      | Reached * piety under Zin
 41949 | D:8      | Reached ** piety under Zin
 41949 | D:8      | Reached *** piety under Zin
 41949 | D:8      | Reached **** piety under Zin
 42054 | Snake:1  | Entered Level 1 of the Snake Pit
 42055 | Snake:1  | Found Nunadgh's General Store.
 42057 | Snake:1  | Found Megrilof's Distillery.
 42059 | Snake:1  | Found Kaihon's General Store.
 42064 | Snake:1  | Bought a scroll of identify for 26 gold pieces
 42064 | Snake:1  | Bought a scroll of identify for 26 gold pieces
 42369 | Lair:3   | Killed Nergalle
 43022 | Snake:1  | Found Zosesum's Jewellery Boutique.
 43180 | Snake:1  | Reached ***** piety under Zin
 43933 | Snake:2  | Found a runed translucent gate.
 43933 | Snake:2  | Found a runed translucent gate.
 43934 | Snake:2  | Found a runed translucent gate.
 43934 | Snake:2  | Noticed Meok's ghost (adept MiFi)
 44991 | Snake:3  | Found Rogiunolu's Weapon Shop.
 45400 | Snake:3  | Found Jeumudgh's Antique Armour Emporium.
 45405 | Snake:3  | Bought a glowing kite shield for 315 gold pieces
 45715 | Snake:3  | Found Seguira's Antique Armour Boutique.
 45907 | Snake:3  | Found Etsochietu's Magic Scroll Emporium.
 45913 | Snake:3  | Bought a scroll of magic mapping for 150 gold pieces
 46139 | Snake:3  | Reached XP level 19. HP: 153/153 MP: 27/29
 46162 | Snake:3  | Found Fol Summ's General Store.
 46368 | Snake:4  | Entered Level 4 of the Snake Pit
 47525 | Snake:4  | Reached skill level 15 in Fighting
 48796 | Snake:4  | Reached skill level 15 in Invocations
 49507 | Snake:4  | Got a serpentine rune of Zot
 49963 | Elf:1    | Entered Level 1 of the Elven Halls
 50428 | Elf:1    | Identified the +2 robe of Fun and Games {rPois Str+2 Int+3}
 51407 | Elf:2    | Found Wedoocum's Jewellery Emporium.
 51491 | Elf:2    | Noticed an Ice Fiend
 51518 | Elf:2    | Reached XP level 20. HP: 113/162 MP: 26/31
 52216 | Elf:2    | Reached skill level 10 in Ranged Weapons
 52419 | Elf:2    | Found a runed translucent gate.
 52419 | Elf:2    | Found a runed translucent gate.
 52419 | Elf:2    | Found a runed translucent gate.
 54108 | Elf:3    | Entered Level 3 of the Elven Halls
 54179 | Elf:3    | Found Lurifuun's Magic Scroll Boutique.
 54186 | Elf:3    | Found Documnual's Armour Shop.
 54192 | Elf:3    | Bought a scroll of enchant weapon for 127 gold pieces
 55332 | Elf:3    | HP: 6/143 [deep elf death mage/bolt of negative energy
                  | (52)]
 55848 | Elf:3    | Identified the +3 trident "Nuuts" {freeze, *Noise Fly rC+}
 56158 | Elf:3    | Reached skill level 17 in Maces & Flails
 56416 | Elf:3    | Identified the +1 leather armour of the Four Ears {Slay+3}
 56772 | Elf:3    | Identified the +1 plate armour of the Imp {rPois}
 57018 | Elf:3    | Identified the +0 robe of the Stars {Str+4}
 57197 | Elf:3    | Identified the +2 battleaxe of Yredelemnul {freeze, Str+3}
 57354 | Elf:3    | Noticed an Ice Fiend
 57553 | Elf:3    | Identified the +3 leather armour "Syiclamm" {rF- Will+++}
 58231 | Elf:3    | Reached ****** piety under Zin
 58362 | Elf:3    | Identified the +2 great mace of Impermanence {flame, *Noise
                  | rElec Will++ Stlth+}
 58467 | Elf:3    | Identified the ring "Xiharuz" {rN+ Will++ rCorr Int+3
                  | Dex-2}
 59238 | Elf:3    | Identified the +5 plate armour of Impressiveness {Harm
                  | Rampage Regen+}
 59446 | Vaults:1 | Entered Level 1 of the Vaults
 59567 | Vaults:1 | Reached XP level 21. HP: 168/168 MP: 32/32
 59660 | Vaults:1 | Upgraded the game from 0.30-a0-799-g109b55a442 to
                  | 0.30-a0-800-g7c544603b3
 60362 | Vaults:1 | Reached skill level 15 in Armour
 60599 | Vaults:1 | Slain by a slime creature

Illustrated notes

Levels and vault maps discovered:
D:1:      minmay_arrival_glassed_features, layout_rooms
D:2:      layout_rooms, basic_altar, uniq_sigmund
D:3:      layout_rooms, hangedman_feature_mirror, uniq_robin
D:4:      layout_gridville, dk_vineyard_2, grunt_decor_one_mirror, uniq_edmund
D:5:      layout_loops_cross, nicolae_qazlal_scattered_showers,
          lemuel_round_altar, temple_fountains
D:6:      layout_rooms, fedhas_altar_1, mainiacjoe_overflow_surrounded_room,
          serial_shops, shop, uniq_prince_ribbit1
D:7:      layout_loops_ring, mrwooster_statue_mirror,
          chequers_serial_rivers_small_b
D:8:      layout_basic, zin_scriptorium, mainiacjoe_overflow_small_starburst,
          hellmonk_lair_entry_icy, minmay_misc_feat_more_columns,
          nicolae_shop_unique_rings, uniq_maurice
D:9:      layout_basic, lemuel_crystal_altar, roderic_lattice_a
D:10:     layout_cave_pools, grunt_temple_overflow_magic_moments,
          mainiacjoe_overflow_brackets, kennysheep_generic_room_4
D:11:     layout_irregular_city, gammafunk_ghost_berserking_beasts,
          nzn_life_drinkers
D:12:     minmay_connected_boxes_in_corner, layout_loops_cross, orc_0_dummy,
          serial_shops, shop, uniq_jorgrun, uniq_erolcha
D:13:     layout_loops_corners, lightli_vaults_fourway_checkpoint,
          grunt_tough_drop
D:14:     layout_loops_ring, serial_shops, shop_fountains, shop, shop, shop,
          nicolae_tso_swordbearing_angel
D:15:     hangedman_depths_entry_try_elsewhere_first, layout_stronghold,
          roderic_lattice_octagonal_star
Temple:   hellmonk_temple_of_storms
Lair:1:   layout_regular_city, beast_lair_carwin_8
Lair:2:   layout_gridlike, palyth_hydra_swamp_entry, st_stairs_12,
          serial_bayou_shore_b, uniq_erica
Lair:3:   layout_long_grid, guppyfry_snake_entry_garden, portal_ice_cave_rime,
          uniq_nergalle
Lair:4:   layout_cave_pods, dreamdust_deal_with_the_devil, serial_bayou_shore_b
Lair:5:   hangedman_lair_tendril_chambers, layout_layer_cave,
          nicolae_slime_entry_field_trip, nicolae_lair_yak_garden
Swamp:1:  gammafunk_mikee_crab_dinner, layout_basic_swamp,
          nicolae_swamp_round_clearing, swamp_pool1
Swamp:2:  layout_falls_marsh, evilmike_swamp_ruin_house_3, swamp_pool3
Swamp:3:  layout_falls_marsh, nicolae_swamp_some_circles,
          infiniplex_staircase_pool, uniq_aizul
Swamp:4:  swamp_basic_johnstein, layout_basic_swamp
Snake:1:  layout_rooms, serial_shops, nicolae_shop_crystal, minmay_shop_star
Snake:2:  layout_misc_corridors, ebering_ghost_rock_garden
Snake:3:  layout_gridlike, serial_shops, nicolae_shop_crystal, shop_scrolls,
          nicolae_take_the_stairs, nicolae_square_shop, nicolae_shop_waterfront
Snake:4:  grunt_snake_rune_pools, layout_misc_corridors, grunt_megastairs_5,
          serial_bayou_shore_b
Orc:1:    layout_caves, serial_shops, shop
Orc:2:    st_orc_open, layout_diamond_mine, basic_altar, serial_shops, shop,
          nicolae_orc_sculptors_studio, nicolae_orc_lava_room
Elf:1:    layout_geoelf_octagon, minmay_elf_necromancy,
          small_statue_intersection
Elf:2:    elven_hall_of_blades_hangedman_original
          [nicolae_blade_entry_pointy_end], layout_geoelf_grid, serial_shops,
          shop, nicolae_elf_glassroom_feature
Elf:3:    minmay_elf_hall_spiked, layout_geoelf_octagon, minmay_shoptagon
Vaults:1: nicolae_vaults_rhombus_6, hangedman_vaults_hat, v_rooms_4,
          grunt_vaults_hallway_short, grunt_vaults_trifunnel, vaults_dpeg_hooks,
          v_misc_33, vaults_dpeg_diagonal, ontoclasm_vaults_ring_small,
          nicolae_vaults_windows_and_doors_thing, grunt_vaults_bifocal,
          v_misc_22, nicolae_vaults_network_s, grunt_vaults_hallway_short,
          layout_vaults_big_cross, nicolae_trove_entry_free_sample,
          serial_shops, nicolae_shop_stone

Skill      XL: |  1  2  3  4  5  6  7  8  9 10 11 12 13 14 15 16 17 18 19 20 21 |
---------------+----------------------------------------------------------------+-----
Stealth        | 3 |  3.0
Fighting       | 1 3 4 5 7 8 10 12 13 14 15 | 15.0
Spellcasting   | 4 |  4.0
Earth Magic    | 4 5 6 7 8 9 10 | 10.0
Maces & Flails | 2 4 6 7 9 10 11 12 13 14 15 16 17 | 17.4
Invocations    | 3 6 8 10 11 13 15 | 15.0
Transmutations | 2 4 5 |  5.0
Dodging        | 3 4 5 7 8 |  8.0
Conjurations   | 2 4 |  4.0
Shields        | 5 8 10 13 15 | 15.0
Evocations     | 3 5 |  5.0
Armour         | 3 7 8 10 11 13 14 15 | 15.0
Ranged Weapons | 3 6 9 12 13 | 13.2

Action                     |  1- 3 |  4- 6 |  7- 9 | 10-12 | 13-15 | 16-18 | 19-21 || total
---------------------------+-------+-------+-------+-------+-------+-------+-------++-------
  Melee: Unarmed           |    10 |       |       |       |       |       |       ||    10
         Punch             |     2 |       |     7 |     6 |     3 |       |       ||    18
         Dagger            |    13 |    19 |   191 |    74 |       |       |       ||   297
         Flail             |       |       |    16 |   393 |   652 |       |       ||  1061
         Morningstar       |       |       |       |       |    29 |  1254 |       ||  1283
         Dire flail        |       |       |       |       |       |    28 |       ||    28
         Great mace        |       |       |       |       |       |   280 |  1223 ||  1503
   Fire: Arbalest          |       |       |       |       |       |     2 |    71 ||    73
  Throw: Stone             |       |     1 |     9 |    23 |    20 |    65 |    28 ||   146
         Dart              |       |       |     5 |       |    12 |     7 |       ||    24
         Throwing net      |       |       |       |     1 |       |       |       ||     1
   Cast: Sandblast         |    38 |    56 |   117 |   117 |   123 |   331 |   136 ||   918
         Passwall          |       |       |     4 |     5 |     2 |     2 |       ||    13
         Stone Arrow       |       |       |     8 |    80 |    79 |   172 |   167 ||   506
         Petrify           |       |       |       |     7 |    16 |    53 |     8 ||    84
 Invoke: Purification      |       |       |     1 |       |     1 |     1 |       ||     3
         Heal Other        |       |       |       |    22 |    21 |    14 |       ||    57
         Heal Self         |       |       |       |     3 |     3 |     4 |       ||    10
         Divine Vigour     |       |       |       |       |     1 |     2 |       ||     3
         Recite            |       |       |       |       |       |     5 |    28 ||    33
         Vitalisation      |       |       |       |       |       |     4 |     9 ||    13
         Sanctuary         |       |       |       |       |       |       |     2 ||     2
Ability: Dig               |       |       |     2 |       |       |     1 |       ||     3
         Shaft Self        |       |       |       |     1 |       |     1 |       ||     2
  Evoke: Wand              |       |       |     9 |     8 |       |     7 |       ||    24
    Use: Scroll            |       |       |     5 |     9 |    13 |    10 |     3 ||    40
         Potion            |       |       |     1 |       |     4 |     2 |     9 ||    16
   Stab: Sleeping          |     1 |     4 |     3 |     2 |       |     5 |     1 ||    16
         Petrified         |       |       |       |    22 |    31 |    49 |     4 ||   106
         Petrifying        |       |       |       |       |     1 |     5 |     2 ||     8
         Distracted        |       |       |       |       |       |     1 |       ||     1
         Invisible         |       |       |       |       |       |     2 |       ||     2
         Confused          |       |       |       |       |       |       |     2 ||     2
 Armour: Robe              |    11 |     5 |    48 |    25 |       |       |       ||    89
         Ring mail         |       |       |       |   196 |   197 |     8 |       ||   401
         Acid dragon scale |       |       |       |       |       |   471 |   299 ||   770
         Plate armour      |       |       |       |       |       |       |    97 ||    97
  Dodge: Dodged            |    39 |    28 |   173 |   378 |   348 |   689 |   384 ||  2039
  Block: Kite shield       |       |       |       |       |   286 |  1003 |  1047 ||  2336
         Reflection        |       |       |       |       |       |    17 |   110 ||   127

Table legend: (Time is in decaauts)
 A = Elapsed time spent in this place.
 B = Non-inter-level travel time spent in this place.
 C = Inter-level travel time spent in this place.
 D = Time resting spent in this place.
 E = Time spent auto-exploring this place.
 F = Levels seen in this place.
 G = Mean time per level.
                   A        B        C        D        E       F      G
               +--------+--------+--------+--------+--------+-----+--------+
         Total |  60815 |  57696 |   3119 |  22578 |  18038 |  35 | 1737.6 |
       Dungeon |  24251 |  22761 |   1490 |   7862 |   8586 |  15 | 1616.7 |
        Temple |     66 |     52 |     14 |      0 |      0 |   1 |   66.0 |
          Lair |  11281 |  10441 |    840 |   3116 |   4512 |   5 | 2256.2 |
         Swamp |   5074 |   4968 |    106 |   3196 |     70 |   4 | 1268.5 |
     Snake Pit |   7245 |   7033 |    212 |   2787 |   1763 |   4 | 1811.2 |
  Orcish Mines |   2822 |   2515 |    307 |    615 |   1182 |   2 | 1411.0 |
   Elven Halls |   9434 |   9285 |    149 |   4851 |   1853 |   3 | 3144.7 |
        Vaults |    639 |    639 |      0 |    149 |     71 |   1 |  639.0 |
               +--------+--------+--------+--------+--------+-----+--------+

Top non-repeatable levels by time:
   Elf:2: 4522 daAuts
   Elf:3: 3158 daAuts
 Snake:4: 3146 daAuts
  Lair:5: 3122 daAuts
    D:13: 3085 daAuts
  Lair:2: 2867 daAuts
     D:8: 2757 daAuts
  Lair:1: 2558 daAuts
    D:11: 2508 daAuts
    D:12: 2384 daAuts
 Swamp:4: 2325 daAuts
     D:9: 1978 daAuts
   Orc:2: 1878 daAuts
   Elf:1: 1754 daAuts
    D:15: 1728 daAuts
